Map: Triton LE

Players

Vanya

  • Race: Zerg Zerg
  • League: Master
  • Spawn Location: 11:00

liquidthermy (uThermal) - Winner!

  • Race: Terran Terran
  • Spawn Location: 5:00

Event: IEM Katowice 2020 - Server Qualifiers

VOD

Have the link to the VOD?

Description

Uthermal vs Vanya perfect tank 3cc opener off 2gas

Time

  • Played on: Jan. 14, 2020, 12:54 p.m.
  • Length: 9:53

All games in this series

Show
View Real Time Build Order
Export as new Build Order

Vanya Zerg 

Build Orders: Hatch First, Muta Ling Bane 

Get SALT Encoding   

  12  0:00  Drone  
  13  0:12  Overlord  
  13  0:19  Drone  
  14  0:31  Drone x2  
  16  0:49  Hatchery  
  15  0:51  Drone  
  15  0:54  Drone  
  17  0:58  Drone  
  18  1:08  Extractor  
  17  1:14  Spawning Pool  
  16  1:18  Drone  
  16  1:21  Drone  
  18  1:27  Drone  
  19  1:38  Drone  
  20  1:48  Drone  
  21  2:01  Zergling x2, Queen x2  
  21  2:02  Zergling x2  
  27  2:12  Overlord  
  27  2:14  Metabolic Boost, Drone  
  27  2:30  Drone x2  
  27  2:34  Hatchery  
  28  2:37  Drone  
  28  2:39  Drone  
  30  2:48  Queen  
  32  2:52  Overlord  
  32  2:55  Drone  
  33  2:59  Drone  
  33  3:00  Drone  
  34  3:05  Drone  
  35  3:13  Drone  
  35  3:14  Drone  
  35  3:16  Drone x3  
  40  3:22  Queen  
  40  3:27  Overlord  
  42  3:28  Zergling x2  
  43  3:34  Zergling x2  
  43  3:38  Overlord  
  44  3:46  Zergling x10  
  44  3:47  Queen  
  44  3:48  Drone  
  52  4:02  Queen, Drone x3  
  55  4:07  Baneling Nest, Drone  
  57  4:10  Drone x2  
  57  4:12  Drone  
  57  4:13  Drone x2  
  62  4:18  Overlord  
  62  4:21  Drone  
  63  4:24  Lair  
  63  4:25  Extractor  
  63  4:26  Extractor  
  63  4:30  Overlord, Drone  
  63  4:31  Drone  
  63  4:32  Drone  
  63  4:33  Drone x2  
  66  4:38  Spore Crawler  
  66  4:39  Zergling x4  
  66  4:45  Zergling x4  
  69  4:51  Zergling x2  
  68  4:55  Drone x2  
  68  4:58  Drone x2  
  68  4:59  Drone  
  73  5:03  Queen  
  73  5:05  Drone x2  
  75  5:08  Drone x4  
  75  5:11  Drone x2  
  75  5:13  Evolution Chamber  
  78  5:14  Evolution Chamber  
  78  5:15  Drone x2  
  78  5:21  Zergling x4  
  77  5:27  Drone  
  77  5:28  Drone x2  
  80  5:34  Extractor  
  80  5:35  Spire  
  78  5:36  Centrifical Hooks  
  78  5:40  Drone x2  
  78  5:41  Hatchery  
  79  5:44  Extractor x2  
  79  5:49  Drone x5  
  82  5:53  Overseer  
  82  5:55  Overlord  
  82  5:56  Overlord  
  82  6:03  Zerg Melee Weapons Level 1  
  82  6:05  Zerg Ground Armor Level 1  
  82  6:06  Overlord  
  82  6:10  Overlord x2  
  82  6:16  Drone x3  
  82  6:18  Zergling x10  
  90  6:23  Baneling x3  
  90  6:24  Baneling  
  90  6:28  Zergling x10  
  95  6:37  Zergling x4  
  97  6:45  Overlord  
  97  6:48  Mutalisk  
  97  6:49  Mutalisk x4  
  107  6:56  Zerg Flyer Weapons Level 1  
  107  6:57  Drone x9  
  116  7:03  Baneling x4  
  116  7:04  Baneling x4  
  116  7:06  Zergling x6  
  119  7:11  Overlord  
  119  7:17  Mutalisk x2  
  123  7:23  Drone  
  123  7:24  Drone x3  
  123  7:26  Drone x2  
  123  7:28  Drone  
  123  7:29  Hatchery  
  129  7:32  Zergling x14  
  129  7:34  Mutalisk  
  137  7:41  Infestation Pit  
  137  7:42  Baneling x9  
  137  7:43  Zergling x12  
  142  7:53  Zergling x10  
  142  7:56  Overlord x2, Extractor  
  142  7:57  Corruptor, Extractor  
  143  8:01  Overlord  
  141  8:08  Overlord  
  140  8:20  Zergling x24  
  152  8:28  Mutalisk  
  152  8:29  Mutalisk x2  
  152  8:30  Hatchery  
  157  8:39  Drone x3  
  157  8:40  Drone x3  
  157  8:41  Overlord, Hive  
  163  8:45  Mutalisk  
  163  8:47  Overlord x2  
  165  8:50  Overlord  
  165  9:01  Zergling x16  
  173  9:08  Zergling x20  
  174  9:14  Zergling x12  
  166  9:19  Zergling x6  
  164  9:25  Zergling x2  
  144  9:32  Zergling x6  
  144  9:34  Zergling x8  
Show
View Real Time Build Order
Export as new Build Order

liquidthermy Terran - Winner!

Build Orders: Liberator Opening, Reaper Expand 

Get SALT Encoding   

  12  0:01  SCV  
  13  0:13  SCV  
  14  0:17  Supply Depot  
  14  0:25  SCV  
  15  0:38  SCV  
  15  0:40  Barracks  
  16  0:44  Refinery  
  16  0:51  SCV  
  17  1:03  SCV  
  18  1:15  SCV  
  19  1:27  Reaper, Orbital Command  
  20  1:39  Command Center  
  20  1:50  Supply Depot  
  20  1:53  SCV  
  21  1:59  Marine  
  22  2:05  SCV  
  23  2:08  Factory  
  23  2:17  SCV, Refinery  
  23  2:21  Barracks Reactor  
  24  2:29  SCV  
  25  2:41  SCV  
  26  2:51  Orbital Command  
  26  2:53  Starport, SCV  
  27  3:03  Hellion x2  
  31  3:05  SCV  
  32  3:12  Liberator  
  32  3:17  SCV  
  32  3:18  SCV  
  34  3:24  Hellion x2  
  37  3:27  Supply Depot  
  37  3:29  SCV  
  37  3:30  SCV  
  42  3:41  SCV  
  42  3:42  SCV  
  42  3:45  Hellion  
  46  3:49  Hellion  
  46  3:51  Supply Depot  
  46  3:53  SCV  
  46  3:54  SCV  
  50  4:04  Command Center  
  50  4:05  Barracks Tech Lab  
  50  4:06  SCV x2  
  52  4:14  Starport Reactor  
  52  4:16  Supply Depot  
  52  4:18  SCV  
  52  4:19  Factory Tech Lab, SCV  
  52  4:22  Barracks  
  54  4:24  Marine, Stimpack  
  55  4:33  SCV x2  
  55  4:34  Barracks  
  57  4:38  Siege Tank  
  57  4:42  Marine  
  57  4:45  SCV  
  62  4:46  SCV  
  63  4:57  SCV  
  63  4:59  SCV, Refinery, Engineering Bay  
  65  5:00  Marine, Engineering Bay  
  63  5:09  SCV  
  63  5:10  Siege Tank  
  63  5:11  SCV, Marine x2  
  63  5:13  Starport Reactor  
  70  5:17  Marine  
  71  5:21  SCV  
  71  5:27  Barracks  
  71  5:28  SCV, Orbital Command, Barracks  
  73  5:29  Marine, Refinery  
  73  5:31  Marine x3  
  73  5:34  SCV  
  78  5:38  Supply Depot  
  78  5:39  Terran Infantry Weapons Level 1  
  78  5:41  Terran Infantry Armor Level 1  
  78  5:42  SCV  
  79  5:46  SCV  
  79  5:48  Marine, Supply Depot  
  79  5:49  Marine x2  
  83  5:51  Marine  
  83  5:53  Orbital Command  
  83  5:54  SCV  
  85  5:59  SCV, Marine  
  87  6:04  Medivac, Supply Depot  
  87  6:05  Medivac  
  87  6:06  SCV, Marine  
  87  6:07  Combat Shield  
  93  6:16  Barracks Reactor  
  93  6:17  Barracks Reactor, Supply Depot  
  93  6:18  SCV, Supply Depot  
  94  6:21  SCV x2  
  94  6:24  Marine  
  97  6:26  Marine, Supply Depot  
  97  6:27  Marine  
  97  6:30  SCV  
  97  6:31  Siege Tank  
  103  6:35  SCV x2, Supply Depot  
  103  6:37  Marine  
  103  6:38  Marine  
  107  6:44  Medivac, Supply Depot  
  109  6:47  SCV  
  109  6:48  Marine x2, Armory  
  109  6:51  Marine  
  109  6:54  Marine x5  
  114  7:00  Marine, Supply Depot  
  119  7:03  Siege Tank  
  119  7:06  Marine x2  
  124  7:09  Marine  
  124  7:13  Marine x2  
  124  7:14  Marine  
  128  7:15  Barracks  
  128  7:17  Marine, Barracks  
  128  7:18  Marine, Medivac, Barracks  
  132  7:24  Marine x2  
  132  7:26  Marine  
  132  7:28  Marine  
  138  7:31  Marine  
  138  7:33  Supply Depot  
  138  7:36  Missile Turret  
  139  7:37  Missile Turret x2  
  139  7:42  Marine x2  
  139  7:46  Terran Vehicle Weapons Level 1  
  139  7:47  Supply Depot  
  139  7:49  Marine x2  
  141  7:52  Marine  
  141  7:53  Marine  
  141  7:54  Marine x2  
  145  7:59  Marine, Medivac  
  145  8:02  Marine  
  145  8:05  Marine, Medivac  
  152  8:10  Marine x2, Supply Depot  
  152  8:11  Marine  
  151  8:15  Marine  
  151  8:18  Marine x2  
  152  8:20  Marine, Siege Tank  
  152  8:23  Missile Turret, Marine, Supply Depot  
  152  8:25  Marine  
  152  8:26  Marine x2  
  157  8:32  Marine x2  
  159  8:35  Medivac, Supply Depot  
  159  8:36  Supply Depot  
  159  8:38  Marine  
  159  8:40  Medivac  
  159  8:41  Marine  
  166  8:43  Marine  
  166  8:44  Supply Depot  
  166  8:48  Sensor Tower, Marine  
  166  8:49  Marine  
  166  8:50  Marine  
  166  8:54  Marine x2  
  170  8:56  Marine, Siege Tank  
  170  9:00  Marine x2  
  176  9:05  Medivac  
  176  9:07  Marine  
  176  9:09  Marine x3  
  180  9:10  Marine x2  
  180  9:15  Marine  
  180  9:16  Marine  
  171  9:19  Marine  
  171  9:20  Marine  
  171  9:24  Marine x2  
  148  9:32  Marine  
  148  9:34  Marine x2  
  132  9:43  Command Center  
Tags
 
Add a new tag
Caveats
  • Supply blocks, unpowered buildings, or Contaminate may cause inaccurate times.
  • Supply counts are checked every 10 seconds.